Wolfpack vs Moose
Created - June 22, 2022 at 20:34
Goals
|
| Wolfpack |
0 |
1 |
3 |
4 |
| Moose |
1 |
0 |
1 |
2 |
|
Shots
|
| Wolfpack |
11 |
8 |
7 |
26 |
| Moose |
19 |
6 |
2 |
27 |
|
1st period
1. Moose , Michael McLeod 20 (Roope Hintz 34, Ludwig Bystrom 28) at 2:37
Penalties :
Brendan Lemieux (Man) for Tripping (Minor) at 5:36
2nd period
2. Wolfpack , Dave Dziurzynski 32 (Maxime Sauvé 68, Stefan Noesen 65) at 1:36
Penalties :
Ludwig Bystrom (Man) for Holding (Minor) at 8:46, Erik Cernak (Man) for Hooking (Minor) at 16:06
3rd period
3. Wolfpack , Seth Griffith 27 (David Pope 29, Vince Dunn 27) at 0:53
4. Moose , Dominik Kahun 22 (Sam Reinhart 32) at 6:34
5. Wolfpack , Stefan Noesen 53 (Maxime Sauvé 69) at 11:06 (PP)
6. Wolfpack , Seth Griffith 28 (David Pope 30) at 14:40
Penalties :
Tony DeAngelo (Man) for Holding (Minor) at 1:02, Nathan Walker (Man) for Holding (Minor) at 11:03, Troy Stetcher (Man) for Slashing (Minor) at 11:15, Mikhail Sergachev (Har) for Hooking (Minor) at 16:04, Mathieu Joseph (Man) for Slashing (Minor) at 19:17
Goalie Stats
Samuel Montembeault (Har), 25 saves from 27 shots - (0.926), W, 27-16-3, 60:00 minutes
Elvis Merzlikins (Man), 22 saves from 26 shots - (0.846), L, 30-20-11, 60:00 minutes
Players Stats for Wolfpack
Player Name G A P +/- PIM S H SB GA TA FO MP PP MP PK MP
------------------------------------------------------------------------------------
Connor Chatam 0 0 0 1 0 0 0 0 1 0 0/0 12:33 0:02 0:00
Dave Dziurzynski 1 0 1 1 0 3 2 2 1 0 0/1 21:44 5:40 0:57
David Pope 0 2 2 1 0 2 1 0 1 0 0/0 13:16 0:02 0:33
Derrick Pouliot 0 0 0 1 0 2 1 1 0 0 0/0 26:43 6:30 1:00
Henrik Samuelsson 0 0 0 -1 0 0 4 0 2 0 4/9 17:07 4:58 0:32
Joshua Jacobs 0 0 0 -1 0 0 1 0 0 0 0/0 12:53 0:00 0:00
Keegan Kolesar 0 0 0 0 0 0 0 1 0 0 0/0 7:57 0:00 0:00
Kevin Roy 0 0 0 0 0 1 0 1 0 0 1/2 7:57 0:00 0:00
Maxime Sauvé 0 2 2 1 0 6 1 0 1 0 18/32 21:52 5:42 1:00
Mikhail Sergachev 0 0 0 1 2 1 0 1 0 1 0/0 20:10 4:10 0:00
Ryan Culkin 0 0 0 -1 0 0 2 3 1 1 0/0 13:14 0:00 0:59
Ryan Dzingel 0 0 0 -1 0 0 1 0 1 1 0/0 16:58 4:58 0:44
Samuel Blais 0 0 0 0 0 2 1 0 0 0 0/0 8:09 0:00 0:12
Sebastian Collberg 0 0 0 -1 0 2 0 1 0 0 1/1 16:35 4:58 0:00
Seth Griffith 2 0 2 1 0 4 2 0 0 1 6/7 12:57 0:00 0:00
Stefan Noesen 1 1 2 1 0 1 1 2 1 1 1/2 20:48 5:40 0:00
Steven Santini 0 0 0 1 0 1 1 1 0 0 0/0 26:43 6:30 1:00
Vince Dunn 0 1 1 1 0 1 1 1 0 1 0/0 20:24 4:10 0:59
Players Stats for Moose
Player Name G A P +/- PIM S H SB GA TA FO MP PP MP PK MP
------------------------------------------------------------------------------------
Brendan Lemieux 0 0 0 -2 2 2 3 0 0 0 1/2 18:33 0:18 1:14
Chase De Leo 0 0 0 0 0 0 0 0 0 0 1/4 8:44 0:15 0:12
Dominik Kahun 1 0 1 1 0 4 2 0 0 1 1/6 14:07 0:59 0:00
Erik Cernak 0 0 0 1 2 0 4 0 0 0 0/0 17:05 0:00 3:30
Frank Vatrano 0 0 0 -2 0 2 5 2 0 1 2/4 19:39 0:15 2:58
Justin Bailey 0 0 0 1 0 0 3 0 0 1 1/2 14:11 0:49 0:13
Ludwig Bystrom 0 1 1 2 2 1 0 2 0 0 0/0 16:38 1:15 5:23
Mathieu Joseph 0 0 0 0 2 3 3 3 0 1 0/0 14:01 0:00 5:37
Michael McLeod 1 0 1 0 0 4 0 1 0 1 3/12 15:17 0:00 6:18
Mirco Mueller 0 0 0 -2 0 1 1 5 0 0 0/0 26:19 0:00 6:28
Miro Aaltonen 0 0 0 -2 0 2 0 1 2 0 11/20 19:47 0:21 2:58
Nathan Walker 0 0 0 0 2 0 0 0 1 0 1/1 11:51 0:40 1:50
Nikolay Goldobin 0 0 0 0 0 2 0 0 1 0 0/0 8:26 0:21 0:00
Roope Hintz 0 1 1 0 0 1 3 0 0 0 1/1 9:59 0:59 0:00
Sam Reinhart 0 1 1 1 0 0 3 0 0 0 1/2 14:01 1:00 0:00
Tony DeAngelo 0 0 0 -1 2 1 2 2 2 0 0/0 20:14 0:44 1:14
Troy Stetcher 0 0 0 -2 2 1 3 0 0 2 0/0 19:14 0:44 0:00
Vladislav Gavrikov 0 0 0 0 0 3 0 0 0 2 0/0 21:07 1:15 4:45
3 Stars
1 - Seth Griffith (Har)
2 - Stefan Noesen (Har)
3 - Dave Dziurzynski (Har)
Power Play
Wolfpack - 1 on 7 Attempt(s) - 14.29%
Moose - 0 on 1 Attempt(s) - 0.00%
Penalty Kill
Wolfpack - 1 on 1 Attempt(s) - 100.00%
- Score 0 goal in Penalty Kill
Moose - 6 on 7 Attempt(s) - 85.71%
- Score 0 goal in Penalty Kill
Team Stat
Wolfpack - Hits : 19 - Faceoff Wins : 31 - Blocked Shots : 14 - Penalty Minutes : 2
Moose - Hits : 32 - Faceoff Wins : 23 - Blocked Shots : 16 - Penalty Minutes : 14
Official
Referees : Ghislain Hebert and Trevor Hanson
Linesman : Kyle Flemington and Tyson Baker
Game Notes
No Game Note
Finance
Level 1 -- Attendance: 1972 (98.60%) -- Ticket Income $69,020
Level 2 -- Attendance: 950 (95.00%) -- Ticket Income $14,250
Total Attendance: 2922 (97.40%)
Total Ticket Income: $83,270
Other Income: $4,164
Total Income: $87,434
Wolfpack
5 vs 5 Forward
Center Left Wing Right Wing Time % Phy DF OF
1 Maxime Sauvé Dave Dziurzynski Stefan Noesen 40 1 2 2
2 Henrik Samuelsson Ryan Dzingel Sebastian Collberg 30 1 2 2
3 Seth Griffith David Pope Connor Chatam 20 1 2 2
4 Kevin Roy Samuel Blais Keegan Kolesar 10 1 2 2
5 vs 5 Defense
Defense Defense Time % Phy DF OF
1 Derrick Pouliot Steven Santini 40 1 2 2
2 Vince Dunn Mikhail Sergachev 30 1 2 2
3 Ryan Culkin Joshua Jacobs 20 1 2 2
4 Derrick Pouliot Steven Santini 10 1 2 2
PowerPlay Forward
Center Left Wing Right Wing Time % Phy DF OF
1 Maxime Sauvé Dave Dziurzynski Stefan Noesen 60 1 2 2
2 Henrik Samuelsson Ryan Dzingel Sebastian Collberg 40 1 2 2
PowerPlay Defense
Defense Defense Time % Phy DF OF
1 Derrick Pouliot Steven Santini 60 1 2 2
2 Vince Dunn Mikhail Sergachev 40 1 2 2
Penalty Kill 4 Players Forward
Center Wing Time % Phy DF OF
1 Maxime Sauvé Dave Dziurzynski 60 1 2 2
2 Henrik Samuelsson Ryan Dzingel 40 1 2 2
Penalty Kill 4 Players Defense
Defense Defense Time % Phy DF OF
1 Derrick Pouliot Steven Santini 60 1 2 2
2 Vince Dunn Mikhail Sergachev 40 1 2 2
Penalty Kill - 3 Players Forward
Forward Time % Phy DF OF
1 Maxime Sauvé 60 1 2 2
2 Henrik Samuelsson 40 1 2 2
Penalty Kill - 3 Players Defense
Defense Defense Time % Phy DF OF
1 Derrick Pouliot Steven Santini 60 1 2 2
2 Vince Dunn Mikhail Sergachev 40 1 2 2
4 vs 4 Forward
Center Wing Time % Phy DF OF
1 Maxime Sauvé Dave Dziurzynski 60 1 2 2
2 Henrik Samuelsson Ryan Dzingel 40 1 2 2
4 vs 4 Defense
Defense Defense Time % Phy DF OF
1 Derrick Pouliot Steven Santini 60 1 2 2
2 Vince Dunn Mikhail Sergachev 40 1 2 2
Last Minutes Offensive
Center Left Wing Right Wing Defense Defense
Maxime Sauvé Dave Dziurzynski Stefan Noesen Derrick Pouliot Steven Santini
Last Minutes Defensive
Center Left Wing Right Wing Defense Defense
Maxime Sauvé Dave Dziurzynski Stefan Noesen Derrick Pouliot Steven Santini
Goaltenders
Starting : Samuel Montembeault
Backup : Mike Condon
Extra Forwards
Normal : Ryan Dzingel, David Pope, Seth Griffith - PP : Ryan Dzingel, David Pope - PK : Ryan Dzingel
Extra Defensemen
Normal : Mikhail Sergachev, Ryan Culkin, Joshua Jacobs - PP : Mikhail Sergachev - PK : Mikhail Sergachev, Ryan Culkin
Penalty Shots
Maxime Sauvé, Stefan Noesen, Dave Dziurzynski, Henrik Samuelsson, Ryan Dzingel
Scratches
Adam Lowry (Healthy), Colton White (Bruised Left Shoulder Injury), Dryden Hunt (Healthy), Jacob Middleton (Healthy), Jake Marchment (Healthy)
Joel Kiviranta (Healthy), Mikhail Vorobyev (Healthy), Will Borgen (Healthy), Alexander Barabanov (Healthy), Alex Barre-Boulet (Healthy)
Andrew Peeke (Healthy), Dante Fabbro (Healthy), Jeffrey Viel (Healthy), Yegor Korshkov (Healthy), Jake Paterson (Healthy)
Moose
5 vs 5 Forward
Center Left Wing Right Wing Time % Phy DF OF
1 Miro Aaltonen Brendan Lemieux Frank Vatrano 40 1 2 2
2 Dominik Kahun Justin Bailey Sam Reinhart 30 1 2 2
3 Michael McLeod Roope Hintz Nathan Walker 20 1 2 2
4 Chase De Leo Nikolay Goldobin Mathieu Joseph 10 1 2 2
5 vs 5 Defense
Defense Defense Time % Phy DF OF
1 Troy Stetcher Mirco Mueller 40 1 2 2
2 Vladislav Gavrikov Tony DeAngelo 30 1 2 2
3 Ludwig Bystrom Erik Cernak 20 1 2 2
4 Tony DeAngelo Erik Cernak 10 1 2 2
PowerPlay Forward
Center Left Wing Right Wing Time % Phy DF OF
1 Miro Aaltonen Brendan Lemieux Sam Reinhart 60 1 2 2
2 Dominik Kahun Roope Hintz Frank Vatrano 40 1 2 2
PowerPlay Defense
Defense Defense Time % Phy DF OF
1 Troy Stetcher Tony DeAngelo 60 1 2 2
2 Vladislav Gavrikov Ludwig Bystrom 40 1 2 2
Penalty Kill 4 Players Forward
Center Wing Time % Phy DF OF
1 Michael McLeod Mathieu Joseph 60 1 2 2
2 Miro Aaltonen Frank Vatrano 40 1 2 2
Penalty Kill 4 Players Defense
Defense Defense Time % Phy DF OF
1 Mirco Mueller Ludwig Bystrom 60 1 2 2
2 Vladislav Gavrikov Erik Cernak 40 1 2 2
Penalty Kill - 3 Players Forward
Forward Time % Phy DF OF
1 Frank Vatrano 60 1 2 2
2 Miro Aaltonen 40 1 2 2
Penalty Kill - 3 Players Defense
Defense Defense Time % Phy DF OF
1 Mirco Mueller Ludwig Bystrom 60 1 2 2
2 Vladislav Gavrikov Erik Cernak 40 1 2 2
4 vs 4 Forward
Center Wing Time % Phy DF OF
1 Miro Aaltonen Sam Reinhart 60 1 2 2
2 Dominik Kahun Frank Vatrano 40 1 2 2
4 vs 4 Defense
Defense Defense Time % Phy DF OF
1 Troy Stetcher Ludwig Bystrom 60 1 2 2
2 Vladislav Gavrikov Tony DeAngelo 40 1 2 2
Last Minutes Offensive
Center Left Wing Right Wing Defense Defense
Miro Aaltonen Brendan Lemieux Sam Reinhart Troy Stetcher Tony DeAngelo
Last Minutes Defensive
Center Left Wing Right Wing Defense Defense
Miro Aaltonen Nathan Walker Mathieu Joseph Mirco Mueller Ludwig Bystrom
Goaltenders
Starting : Elvis Merzlikins
Backup : Filip Gustavsson
Extra Forwards
Normal : Justin Bailey, Sam Reinhart, Roope Hintz - PP : Nathan Walker, Justin Bailey - PK : Nathan Walker
Extra Defensemen
Normal : Mirco Mueller, Erik Cernak, Vladislav Gavrikov - PP : Vladislav Gavrikov - PK : Ludwig Bystrom, Vladislav Gavrikov
Penalty Shots
Nathan Walker, Miro Aaltonen, Nikolay Goldobin, Frank Vatrano, Roope Hintz
Scratches
David Kase (Healthy), Jesse Graham (Healthy), Matthew Benning (Healthy), Mitchell Stephens (Healthy), Julien Gauthier (Healthy)
Rem Pitlick (Healthy), Carl Grundstrom (Healthy), Josh Mahura (Healthy), Max Jones (Healthy), Nathan Bastian (Healthy)
Tim Gettinger (Healthy), Joey Daccord (Healthy)
% Time on Ice - Wolfpack
Lines # - Real PCT - Wanted PCT - Time Play
Normal Forward
1 - 32% - 40% - 15:20
2 - 25% - 30% - 11:43
3 - 26% - 20% - 12:21
4 - 17% - 10% - 7:57
Normal Defense
1 - 37% - 40% - 17:44
2 - 32% - 30% - 15:15
3 - 27% - 20% - 12:53
4 - 3% - 10% - 1:29
PP Forward
1 - 53% - 60% - 5:42
2 - 47% - 40% - 4:58
PP Defense
1 - 61% - 60% - 6:30
2 - 39% - 40% - 4:10
PK Forward
1 - 91% - 60% - 1:48
2 - 9% - 40% - 0:11
PK Defense
1 - 50% - 60% - 1:00
2 - 50% - 40% - 0:59
PK3 Forward
1 - 0% - 60%
2 - 0% - 40%
PK3 Defense
1 - 0% - 60%
2 - 0% - 40%
44 Forward
1 - 0% - 60%
2 - 0% - 40%
44 Defense
1 - 0% - 60%
2 - 0% - 40%
Last Minute Offensive - 0:00
Last Minute Defensive - 0:00
Total
Forward - 60:00
Defense - 60:00
|
% Time on Ice - Moose
Lines # - Real PCT - Wanted PCT - Time Play
Normal Forward
1 - 36% - 40% - 17:10
2 - 29% - 30% - 13:38
3 - 19% - 20% - 8:53
4 - 16% - 10% - 7:40
Normal Defense
1 - 42% - 40% - 19:51
2 - 31% - 30% - 14:36
3 - 18% - 20% - 8:38
4 - 9% - 10% - 4:16
PP Forward
1 - 50% - 60% - 1:00
2 - 50% - 40% - 0:59
PP Defense
1 - 37% - 60% - 0:44
2 - 63% - 40% - 1:15
PK Forward
1 - 72% - 60% - 7:42
2 - 28% - 40% - 2:58
PK Defense
1 - 63% - 60% - 6:45
2 - 37% - 40% - 3:55
PK3 Forward
1 - 0% - 60%
2 - 0% - 40%
PK3 Defense
1 - 0% - 60%
2 - 0% - 40%
44 Forward
1 - 0% - 60%
2 - 0% - 40%
44 Defense
1 - 0% - 60%
2 - 0% - 40%
Last Minute Offensive - 0:00
Last Minute Defensive - 0:00
Total
Forward - 60:00
Defense - 60:00
|
Play-by-Play
1st period
0:01 of 1st period - Miro Aaltonen wins face-off versus Maxime Sauvé in neutral zone.
0:14 of 1st period - Slapshot by Brendan Lemieux.
0:14 of 1st period - Stopped by Samuel Montembeault with a rebound.
0:16 of 1st period - Snap shot by Mirco Mueller.
0:16 of 1st period - Deflect By Frank Vatrano.
0:16 of 1st period - Shot Misses the Net.
0:16 of 1st period - Puck is out of play.
0:17 of 1st period - Justin Bailey wins face-off versus Henrik Samuelsson in Wolfpack zone.
0:26 of 1st period - Wrist shot by Sam Reinhart.
0:26 of 1st period - Shot Misses the Net.
1:53 of 1st period - Slapshot by Henrik Samuelsson.
1:53 of 1st period - Shot Misses the Net.
1:55 of 1st period - Slapshot by Steven Santini.
1:55 of 1st period - Stopped by Elvis Merzlikins with a rebound.
1:57 of 1st period - Slapshot by Steven Santini.
1:57 of 1st period - Deflect By Ryan Dzingel.
1:57 of 1st period - Shot Misses the Net.
1:57 of 1st period - Puck is out of play.
1:58 of 1st period - Maxime Sauvé wins face-off versus Miro Aaltonen in Moose zone.
1:59 of 1st period - Slapshot by Dave Dziurzynski.
1:59 of 1st period - Shot Blocked by Ludwig Bystrom.
2:01 of 1st period - Slapshot by Vince Dunn.
2:01 of 1st period - Shot Blocked by Ludwig Bystrom.
2:03 of 1st period - Snap shot by Maxime Sauvé.
2:03 of 1st period - Stopped by Elvis Merzlikins with a rebound.
2:05 of 1st period - Slapshot by Stefan Noesen.
2:05 of 1st period - Shot Misses the Net.
2:07 of 1st period - Wrist shot by Mikhail Sergachev.
2:07 of 1st period - Shot Blocked by Frank Vatrano.
2:37 of 1st period - Slapshot by Michael McLeod.
2:37 of 1st period - Goal by Michael McLeod - Wolfpack : 0 - Moose : 1.
2:38 of 1st period - Henrik Samuelsson wins face-off versus Dominik Kahun in neutral zone.
3:44 of 1st period - Connor Chatam is hit by Sam Reinhart and loses puck.
4:23 of 1st period - Dave Dziurzynski is hit by Frank Vatrano and loses puck.
4:32 of 1st period - Erik Cernak is hit by Maxime Sauvé and loses puck.
4:45 of 1st period - Snap shot by Nikolay Goldobin.
4:45 of 1st period - Stopped by Samuel Montembeault without a rebound.
4:46 of 1st period - Chase De Leo wins face-off versus Kevin Roy in Wolfpack zone.
4:51 of 1st period - Wrist shot by Nikolay Goldobin.
4:51 of 1st period - Shot Misses the Net.
5:02 of 1st period - Snap shot by Samuel Blais.
5:02 of 1st period - Stopped by Elvis Merzlikins with a rebound.
5:04 of 1st period - Snap shot by Keegan Kolesar.
5:04 of 1st period - Shot Blocked by Mirco Mueller.
5:06 of 1st period - Wrist shot by Samuel Blais.
5:06 of 1st period - Shot Hit the Post.
5:10 of 1st period - Slapshot by Kevin Roy.
5:10 of 1st period - Stopped by Elvis Merzlikins with a rebound.
5:14 of 1st period - Snap shot by Samuel Blais.
5:14 of 1st period - Stopped by Elvis Merzlikins without a rebound.
5:15 of 1st period - Maxime Sauvé wins face-off versus Frank Vatrano in Moose zone.
5:36 of 1st period - Minor Penalty to Brendan Lemieux for Tripping.
5:37 of 1st period - Michael McLeod wins face-off versus Maxime Sauvé in Moose zone.
5:37 of 1st period - Michael McLeod is hit by Stefan Noesen.
5:49 of 1st period - Slapshot by Maxime Sauvé.
5:49 of 1st period - Stopped by Elvis Merzlikins without a rebound.
5:50 of 1st period - Maxime Sauvé wins face-off versus Michael McLeod in Moose zone.
5:59 of 1st period - Wrist shot by Maxime Sauvé.
5:59 of 1st period - Shot Misses the Net.
7:06 of 1st period - Icing by Maxime Sauvé.
7:07 of 1st period - Maxime Sauvé wins face-off versus Justin Bailey in Wolfpack zone.
7:36 of 1st period - Penalty to Brendan Lemieux is over, Brendan Lemieux is back on ice.
7:50 of 1st period - Wrist shot by Sam Reinhart.
7:50 of 1st period - Shot Misses the Net.
7:59 of 1st period - Icing by Connor Chatam.
8:00 of 1st period - Kevin Roy wins face-off versus Miro Aaltonen in Wolfpack zone.
8:29 of 1st period - Snap shot by Justin Bailey.
8:29 of 1st period - Shot Misses the Net.
8:31 of 1st period - Slapshot by Vladislav Gavrikov.
8:31 of 1st period - Shot Blocked by Dave Dziurzynski.
8:33 of 1st period - Slapshot by Vladislav Gavrikov.
8:33 of 1st period - Stopped by Samuel Montembeault with a rebound.
8:56 of 1st period - Wrist shot by Justin Bailey.
8:56 of 1st period - Shot Blocked by Dave Dziurzynski.
8:58 of 1st period - Slapshot by Tony DeAngelo.
8:58 of 1st period - Shot Misses the Net.
9:00 of 1st period - Wrist shot by Dominik Kahun.
9:00 of 1st period - Deflect By Dave Dziurzynski.
9:00 of 1st period - Stopped by Samuel Montembeault with a rebound.
9:02 of 1st period - Slapshot by Vladislav Gavrikov.
9:02 of 1st period - Shot Misses the Net.
9:30 of 1st period - Snap shot by Dominik Kahun.
9:30 of 1st period - Stopped by Samuel Montembeault with a rebound.
9:32 of 1st period - Slapshot by Dominik Kahun.
9:32 of 1st period - Deflect By Derrick Pouliot.
9:32 of 1st period - Stopped by Samuel Montembeault with a rebound.
9:34 of 1st period - Slapshot by Tony DeAngelo.
9:34 of 1st period - Stopped by Samuel Montembeault with a rebound.
9:36 of 1st period - Slapshot by Tony DeAngelo.
9:36 of 1st period - Shot Blocked by Stefan Noesen.
9:38 of 1st period - Snap shot by Tony DeAngelo.
9:38 of 1st period - Shot Misses the Net.
9:40 of 1st period - Slapshot by Vladislav Gavrikov.
9:40 of 1st period - Stopped by Samuel Montembeault with a rebound.
10:18 of 1st period - Snap shot by Dave Dziurzynski.
10:18 of 1st period - Stopped by Elvis Merzlikins with a rebound.
10:21 of 1st period - Icing by Vladislav Gavrikov.
10:22 of 1st period - Henrik Samuelsson wins face-off versus Dominik Kahun in Moose zone.
10:31 of 1st period - Ryan Dzingel is hit by Justin Bailey and loses puck.
10:54 of 1st period - Wrist shot by Frank Vatrano.
10:54 of 1st period - Stopped by Samuel Montembeault with a rebound.
11:15 of 1st period - Wrist shot by Roope Hintz.
11:15 of 1st period - Shot Blocked by Ryan Culkin.
11:17 of 1st period - Slapshot by Troy Stetcher.
11:17 of 1st period - Stopped by Samuel Montembeault with a rebound.
11:19 of 1st period - Slapshot by Mirco Mueller.
11:19 of 1st period - Shot Blocked by Ryan Culkin.
11:21 of 1st period - Snap shot by Mirco Mueller.
11:21 of 1st period - Deflect By Ryan Culkin.
11:21 of 1st period - Stopped by Samuel Montembeault without a rebound.
11:22 of 1st period - Frank Vatrano wins face-off versus Henrik Samuelsson in Wolfpack zone.
11:23 of 1st period - Wrist shot by Miro Aaltonen.
11:23 of 1st period - Stopped by Samuel Montembeault with a rebound.
11:29 of 1st period - Brendan Lemieux is hit by Henrik Samuelsson and loses puck.
11:34 of 1st period - Snap shot by Henrik Samuelsson.
11:34 of 1st period - Shot Misses the Net.
11:36 of 1st period - Slapshot by Mikhail Sergachev.
11:36 of 1st period - Shot Blocked by Mirco Mueller.
11:38 of 1st period - Slapshot by Sebastian Collberg.
11:38 of 1st period - Stopped by Elvis Merzlikins with a rebound.
11:48 of 1st period - Mirco Mueller is hit by Samuel Blais and loses puck.
12:16 of 1st period - Roope Hintz is hit by Seth Griffith.
12:20 of 1st period - Roope Hintz is hit by Ryan Culkin and loses puck.
12:41 of 1st period - Slapshot by Mathieu Joseph.
12:41 of 1st period - Stopped by Samuel Montembeault without a rebound.
12:42 of 1st period - Seth Griffith wins face-off versus Chase De Leo in Wolfpack zone.
12:57 of 1st period - Wrist shot by Seth Griffith.
12:57 of 1st period - Stopped by Elvis Merzlikins with a rebound.
13:13 of 1st period - Wrist shot by Nathan Walker.
13:13 of 1st period - Shot Misses the Net.
13:52 of 1st period - Mikhail Sergachev is hit by Mathieu Joseph and loses puck.
14:11 of 1st period - Slapshot by Seth Griffith.
14:11 of 1st period - Shot Blocked by Mirco Mueller.
14:27 of 1st period - Joshua Jacobs is hit by Frank Vatrano and loses puck.
14:40 of 1st period - Ryan Dzingel is hit by Erik Cernak and loses puck.
15:14 of 1st period - Mikhail Sergachev is hit by Justin Bailey and loses puck.
15:26 of 1st period - Off-side.
15:27 of 1st period - Seth Griffith wins face-off versus Miro Aaltonen in neutral zone.
15:30 of 1st period - Slapshot by Derrick Pouliot.
15:30 of 1st period - Stopped by Elvis Merzlikins with a rebound.
17:05 of 1st period - Keegan Kolesar is hit by Tony DeAngelo and loses puck.
17:12 of 1st period - Slapshot by Ludwig Bystrom.
17:12 of 1st period - Stopped by Samuel Montembeault with a rebound.
17:14 of 1st period - Slapshot by Vladislav Gavrikov.
17:14 of 1st period - Deflect By Vince Dunn.
17:14 of 1st period - Stopped by Samuel Montembeault with a rebound.
17:16 of 1st period - Snap shot by Nikolay Goldobin.
17:16 of 1st period - Stopped by Samuel Montembeault without a rebound.
17:17 of 1st period - Maxime Sauvé wins face-off versus Dominik Kahun in Wolfpack zone.
17:26 of 1st period - Wrist shot by Maxime Sauvé.
17:26 of 1st period - Stopped by Elvis Merzlikins with a rebound.
17:29 of 1st period - Icing by Ludwig Bystrom.
17:30 of 1st period - Sebastian Collberg wins face-off versus Dominik Kahun in Moose zone.
17:47 of 1st period - Slapshot by Ludwig Bystrom.
17:47 of 1st period - Shot Misses the Net.
17:49 of 1st period - Snap shot by Ludwig Bystrom.
17:49 of 1st period - Shot Blocked by Sebastian Collberg.
17:51 of 1st period - Slapshot by Ludwig Bystrom.
17:51 of 1st period - Shot Blocked by Derrick Pouliot.
17:53 of 1st period - Slapshot by Erik Cernak.
17:53 of 1st period - Deflect By Sam Reinhart.
17:53 of 1st period - Shot Misses the Net.
17:53 of 1st period - Puck is out of play.
17:54 of 1st period - Miro Aaltonen wins face-off versus Stefan Noesen in Wolfpack zone.
18:19 of 1st period - Connor Chatam is hit by Mirco Mueller and loses puck.
18:26 of 1st period - Snap shot by Nathan Walker.
18:26 of 1st period - Deflect By Michael McLeod.
18:26 of 1st period - Deflect By Mikhail Sergachev.
18:26 of 1st period - Stopped by Samuel Montembeault with a rebound.
18:28 of 1st period - Slapshot by Michael McLeod.
18:28 of 1st period - Stopped by Samuel Montembeault without a rebound.
18:29 of 1st period - Maxime Sauvé wins face-off versus Michael McLeod in Wolfpack zone.
19:05 of 1st period - Tony DeAngelo is hit by Ryan Dzingel and loses puck.
19:38 of 1st period - Vince Dunn is hit by Mathieu Joseph and loses puck.
Goals for this period are 0 for Wolfpack vs 1 for Moose.
Shots for this period are 11 for Wolfpack vs 19 for Moose.
2nd period
0:01 of 2nd period - Miro Aaltonen wins face-off versus Maxime Sauvé in neutral zone.
0:04 of 2nd period - Slapshot by Brendan Lemieux.
0:04 of 2nd period - Stopped by Samuel Montembeault without a rebound.
0:05 of 2nd period - Brendan Lemieux wins face-off versus Maxime Sauvé in Wolfpack zone.
0:06 of 2nd period - Snap shot by Miro Aaltonen.
0:06 of 2nd period - Stopped by Samuel Montembeault without a rebound.
0:07 of 2nd period - Frank Vatrano wins face-off versus Maxime Sauvé in Wolfpack zone.
1:36 of 2nd period - Wrist shot by Dave Dziurzynski.
1:36 of 2nd period - Goal by Dave Dziurzynski - Wolfpack : 1 - Moose : 1.
1:37 of 2nd period - Sam Reinhart wins face-off versus Henrik Samuelsson in neutral zone.
1:58 of 2nd period - Ryan Dzingel is hit by Erik Cernak and loses puck.
2:15 of 2nd period - Slapshot by Michael McLeod.
2:15 of 2nd period - Stopped by Samuel Montembeault with a rebound.
2:43 of 2nd period - Snap shot by Mikhail Sergachev.
2:43 of 2nd period - Shot Misses the Net.
2:49 of 2nd period - Vince Dunn is hit by Sam Reinhart and loses puck.
3:58 of 2nd period - Derrick Pouliot is hit by Mathieu Joseph and loses puck.
5:16 of 2nd period - Wrist shot by Dominik Kahun.
5:16 of 2nd period - Deflect By Ryan Culkin.
5:16 of 2nd period - Shot Misses the Net.
5:16 of 2nd period - Puck is out of play.
5:17 of 2nd period - Henrik Samuelsson wins face-off versus Michael McLeod in Wolfpack zone.
5:22 of 2nd period - Slapshot by Derrick Pouliot.
5:22 of 2nd period - Shot Blocked by Michael McLeod.
5:32 of 2nd period - Snap shot by Roope Hintz.
5:32 of 2nd period - Stopped by Samuel Montembeault without a rebound.
5:33 of 2nd period - Miro Aaltonen wins face-off versus Maxime Sauvé in Wolfpack zone.
5:58 of 2nd period - Justin Bailey is hit by Henrik Samuelsson and loses puck.
6:19 of 2nd period - Snap shot by Sebastian Collberg.
6:19 of 2nd period - Stopped by Elvis Merzlikins with a rebound.
6:30 of 2nd period - Snap shot by Connor Chatam.
6:30 of 2nd period - Shot Misses the Net.
6:42 of 2nd period - Derrick Pouliot is hit by Brendan Lemieux and loses puck.
6:49 of 2nd period - Slapshot by Frank Vatrano.
6:49 of 2nd period - Stopped by Samuel Montembeault with a rebound.
6:51 of 2nd period - Slapshot by Frank Vatrano.
6:51 of 2nd period - Shot Blocked by Kevin Roy.
7:01 of 2nd period - Snap shot by Maxime Sauvé.
7:01 of 2nd period - Shot Misses the Net.
7:20 of 2nd period - Wrist shot by Dave Dziurzynski.
7:20 of 2nd period - Stopped by Elvis Merzlikins without a rebound.
7:21 of 2nd period - Roope Hintz wins face-off versus Henrik Samuelsson in Moose zone.
7:21 of 2nd period - Roope Hintz is hit by Henrik Samuelsson.
7:47 of 2nd period - Vince Dunn is hit by Brendan Lemieux and loses puck.
8:16 of 2nd period - Mikhail Sergachev is hit by Sam Reinhart and loses puck.
8:46 of 2nd period - Minor Penalty to Ludwig Bystrom for Holding.
8:47 of 2nd period - Maxime Sauvé wins face-off versus Michael McLeod in Moose zone.
8:52 of 2nd period - Wrist shot by Dave Dziurzynski.
8:52 of 2nd period - Shot Misses the Net.
9:41 of 2nd period - Snap shot by Ryan Dzingel.
9:41 of 2nd period - Shot Misses the Net.
9:43 of 2nd period - Wrist shot by Sebastian Collberg.
9:43 of 2nd period - Shot Blocked by Tony DeAngelo.
9:45 of 2nd period - Slapshot by Henrik Samuelsson.
9:45 of 2nd period - Shot Misses the Net.
9:47 of 2nd period - Slapshot by Vince Dunn.
9:47 of 2nd period - Stopped by Elvis Merzlikins without a rebound.
9:48 of 2nd period - Nathan Walker wins face-off versus Maxime Sauvé in Moose zone.
9:48 of 2nd period - Nathan Walker is hit by Dave Dziurzynski.
10:04 of 2nd period - Slapshot by Maxime Sauvé.
10:04 of 2nd period - Stopped by Elvis Merzlikins without a rebound.
10:05 of 2nd period - Michael McLeod wins face-off versus Maxime Sauvé in Moose zone.
10:46 of 2nd period - Penalty to Ludwig Bystrom is over, Ludwig Bystrom is back on ice.
10:58 of 2nd period - Slapshot by Vince Dunn.
10:58 of 2nd period - Shot Misses the Net.
11:00 of 2nd period - Slapshot by Mikhail Sergachev.
11:00 of 2nd period - Stopped by Elvis Merzlikins with a rebound.
11:19 of 2nd period - Wrist shot by Frank Vatrano.
11:19 of 2nd period - Shot Blocked by Keegan Kolesar.
11:33 of 2nd period - Backhand shot by Chase De Leo.
11:33 of 2nd period - Shot Blocked by Mikhail Sergachev.
11:35 of 2nd period - Snap shot by Mathieu Joseph.
11:35 of 2nd period - Shot Misses the Net.
11:37 of 2nd period - Snap shot by Chase De Leo.
11:37 of 2nd period - Deflect By Mathieu Joseph.
11:37 of 2nd period - Stopped by Samuel Montembeault with a rebound.
11:39 of 2nd period - Wrist shot by Chase De Leo.
11:39 of 2nd period - Shot Misses the Net.
11:49 of 2nd period - Maxime Sauvé is hit by Roope Hintz and loses puck.
12:06 of 2nd period - Seth Griffith is hit by Justin Bailey and loses puck.
13:03 of 2nd period - Steven Santini is hit by Roope Hintz and loses puck.
13:37 of 2nd period - Troy Stetcher is hit by Ryan Culkin and loses puck.
14:05 of 2nd period - Slapshot by Nikolay Goldobin.
14:05 of 2nd period - Shot Misses the Net.
14:07 of 2nd period - Slapshot by Mirco Mueller.
14:07 of 2nd period - Shot Blocked by Steven Santini.
14:23 of 2nd period - Seth Griffith is hit by Roope Hintz.
14:24 of 2nd period - Icing by Seth Griffith.
14:25 of 2nd period - Miro Aaltonen wins face-off versus Seth Griffith in Wolfpack zone.
14:37 of 2nd period - Off-side.
14:38 of 2nd period - Maxime Sauvé wins face-off versus Miro Aaltonen in neutral zone.
14:43 of 2nd period - Slapshot by Maxime Sauvé.
14:43 of 2nd period - Stopped by Elvis Merzlikins without a rebound.
14:44 of 2nd period - Miro Aaltonen wins face-off versus Dave Dziurzynski in Moose zone.
15:13 of 2nd period - Ryan Dzingel is hit by Troy Stetcher.
15:58 of 2nd period - Slapshot by Samuel Blais.
15:58 of 2nd period - Shot Blocked by Tony DeAngelo.
16:00 of 2nd period - Backhand shot by Samuel Blais.
16:00 of 2nd period - Shot Blocked by Mathieu Joseph.
16:06 of 2nd period - Minor Penalty to Erik Cernak for Hooking.
16:07 of 2nd period - Maxime Sauvé wins face-off versus Michael McLeod in Moose zone.
16:22 of 2nd period - Wrist shot by Dave Dziurzynski.
16:22 of 2nd period - Shot Misses the Net.
16:32 of 2nd period - Mirco Mueller is hit by Henrik Samuelsson and loses puck.
16:59 of 2nd period - Snap shot by Miro Aaltonen.
16:59 of 2nd period - Shot Misses the Net.
18:06 of 2nd period - Penalty to Erik Cernak is over, Erik Cernak is back on ice.
18:38 of 2nd period - Slapshot by David Pope.
18:38 of 2nd period - Stopped by Elvis Merzlikins with a rebound.
19:54 of 2nd period - Vince Dunn is hit by Frank Vatrano and loses puck.
Goals for this period are 1 for Wolfpack vs 0 for Moose.
Shots for this period are 8 for Wolfpack vs 6 for Moose.
3rd period
0:01 of 3rd period - Maxime Sauvé wins face-off versus Miro Aaltonen in neutral zone.
0:10 of 3rd period - Stefan Noesen is hit by Frank Vatrano and loses puck.
0:53 of 3rd period - Wrist shot by Seth Griffith.
0:53 of 3rd period - Goal by Seth Griffith - Wolfpack : 2 - Moose : 1.
0:54 of 3rd period - Maxime Sauvé wins face-off versus Frank Vatrano in neutral zone.
1:02 of 3rd period - Minor Penalty to Tony DeAngelo for Holding.
1:03 of 3rd period - Maxime Sauvé wins face-off versus Michael McLeod in Moose zone.
1:05 of 3rd period - Wrist shot by Stefan Noesen.
1:05 of 3rd period - Deflect By Ludwig Bystrom.
1:05 of 3rd period - Shot Blocked by Mathieu Joseph.
1:05 of 3rd period - Puck is out of play.
1:06 of 3rd period - Maxime Sauvé wins face-off versus Michael McLeod in Moose zone.
1:54 of 3rd period - Icing by Stefan Noesen.
1:55 of 3rd period - Miro Aaltonen wins face-off versus Maxime Sauvé in Wolfpack zone.
2:36 of 3rd period - Vladislav Gavrikov is hit by Dave Dziurzynski and loses puck.
3:02 of 3rd period - Penalty to Tony DeAngelo is over, Tony DeAngelo is back on ice.
3:08 of 3rd period - Icing by Mirco Mueller.
3:09 of 3rd period - Seth Griffith wins face-off versus Sam Reinhart in Moose zone.
4:18 of 3rd period - Snap shot by Dominik Kahun.
4:18 of 3rd period - Shot Blocked by Ryan Culkin.
4:28 of 3rd period - Snap shot by Maxime Sauvé.
4:28 of 3rd period - Stopped by Elvis Merzlikins without a rebound.
4:29 of 3rd period - Henrik Samuelsson wins face-off versus Chase De Leo in Moose zone.
4:42 of 3rd period - Wrist shot by Sebastian Collberg.
4:42 of 3rd period - Shot Misses the Net.
4:44 of 3rd period - Slapshot by Derrick Pouliot.
4:44 of 3rd period - Stopped by Elvis Merzlikins without a rebound.
4:45 of 3rd period - Seth Griffith wins face-off versus Miro Aaltonen in Moose zone.
4:46 of 3rd period - Wrist shot by David Pope.
4:46 of 3rd period - Stopped by Elvis Merzlikins with a rebound.
4:48 of 3rd period - Snap shot by Derrick Pouliot.
4:48 of 3rd period - Shot Blocked by Miro Aaltonen.
4:50 of 3rd period - Slapshot by Steven Santini.
4:50 of 3rd period - Shot Blocked by Mirco Mueller.
4:52 of 3rd period - Wrist shot by David Pope.
4:52 of 3rd period - Shot Misses the Net.
4:54 of 3rd period - Wrist shot by Seth Griffith.
4:54 of 3rd period - Deflect By Connor Chatam.
4:54 of 3rd period - Shot Blocked by Mirco Mueller.
4:54 of 3rd period - Puck is out of play.
4:55 of 3rd period - Seth Griffith wins face-off versus Miro Aaltonen in Moose zone.
4:58 of 3rd period - Wrist shot by Seth Griffith.
4:58 of 3rd period - Shot Misses the Net.
5:00 of 3rd period - Slapshot by Derrick Pouliot.
5:00 of 3rd period - Deflect By David Pope.
5:00 of 3rd period - Shot Blocked by Frank Vatrano.
5:00 of 3rd period - Puck is out of play.
5:01 of 3rd period - Miro Aaltonen wins face-off versus Maxime Sauvé in Moose zone.
5:12 of 3rd period - Stefan Noesen is hit by Troy Stetcher and loses puck.
5:27 of 3rd period - Mirco Mueller is hit by Steven Santini and loses puck.
6:04 of 3rd period - Snap shot by Chase De Leo.
6:04 of 3rd period - Deflect By Mathieu Joseph.
6:04 of 3rd period - Stopped by Samuel Montembeault without a rebound.
6:05 of 3rd period - Maxime Sauvé wins face-off versus Miro Aaltonen in Wolfpack zone.
6:20 of 3rd period - Slapshot by Troy Stetcher.
6:20 of 3rd period - Shot Misses the Net.
6:34 of 3rd period - Snap shot by Dominik Kahun.
6:34 of 3rd period - Goal by Dominik Kahun - Wolfpack : 2 - Moose : 2.
6:35 of 3rd period - Miro Aaltonen wins face-off versus Maxime Sauvé in neutral zone.
7:25 of 3rd period - Snap shot by David Pope.
7:25 of 3rd period - Shot Misses the Net.
7:48 of 3rd period - Off-side.
7:49 of 3rd period - Maxime Sauvé wins face-off versus Chase De Leo in neutral zone.
8:14 of 3rd period - Sebastian Collberg is hit by Brendan Lemieux and loses puck.
8:23 of 3rd period - Joshua Jacobs is hit by Frank Vatrano and loses puck.
8:30 of 3rd period - Erik Cernak is hit by Joshua Jacobs and loses puck.
9:46 of 3rd period - Icing by Troy Stetcher.
9:47 of 3rd period - Miro Aaltonen wins face-off versus Henrik Samuelsson in Moose zone.
10:02 of 3rd period - Brendan Lemieux is hit by Derrick Pouliot and loses puck.
10:24 of 3rd period - Off-side.
10:25 of 3rd period - Dominik Kahun wins face-off versus Maxime Sauvé in neutral zone.
10:34 of 3rd period - Slapshot by Dominik Kahun.
10:34 of 3rd period - Shot Blocked by Vince Dunn.
10:50 of 3rd period - Vladislav Gavrikov is hit by Vince Dunn and loses puck.
11:03 of 3rd period - Minor Penalty to Nathan Walker for Holding.
11:04 of 3rd period - Stefan Noesen wins face-off versus Michael McLeod in Moose zone.
11:04 of 3rd period - Slapshot by Maxime Sauvé.
11:04 of 3rd period - Shot Blocked by Mathieu Joseph.
11:06 of 3rd period - Snap shot by Stefan Noesen.
11:06 of 3rd period - Goal by Stefan Noesen - Wolfpack : 3 - Moose : 2.
11:07 of 3rd period - Miro Aaltonen wins face-off versus Maxime Sauvé in neutral zone.
11:10 of 3rd period - Slapshot by Troy Stetcher.
11:10 of 3rd period - Shot Blocked by Stefan Noesen.
11:15 of 3rd period - Minor Penalty to Troy Stetcher for Slashing.
11:16 of 3rd period - Maxime Sauvé wins face-off versus Michael McLeod in Moose zone.
12:06 of 3rd period - Vince Dunn is hit by Erik Cernak and loses puck.
13:15 of 3rd period - Penalty to Troy Stetcher is over, Troy Stetcher is back on ice.
13:27 of 3rd period - Tony DeAngelo is hit by David Pope and loses puck.
13:39 of 3rd period - Connor Chatam is hit by Dominik Kahun and loses puck.
14:19 of 3rd period - Kevin Roy is hit by Erik Cernak and loses puck.
14:34 of 3rd period - Wrist shot by Seth Griffith.
14:34 of 3rd period - Stopped by Elvis Merzlikins without a rebound.
14:35 of 3rd period - Seth Griffith wins face-off versus Brendan Lemieux in Moose zone.
14:38 of 3rd period - Slapshot by Seth Griffith.
14:38 of 3rd period - Shot Hit the Post.
14:40 of 3rd period - Backhand shot by Seth Griffith.
14:40 of 3rd period - Goal by Seth Griffith - Wolfpack : 4 - Moose : 2.
14:41 of 3rd period - Maxime Sauvé wins face-off versus Miro Aaltonen in neutral zone.
14:44 of 3rd period - Snap shot by Dave Dziurzynski.
14:44 of 3rd period - Shot Misses the Net.
14:58 of 3rd period - Stefan Noesen is hit by Troy Stetcher.
15:44 of 3rd period - Snap shot by Seth Griffith.
15:44 of 3rd period - Shot Misses the Net.
16:04 of 3rd period - Minor Penalty to Mikhail Sergachev for Hooking.
16:05 of 3rd period - Maxime Sauvé wins face-off versus Dominik Kahun in Wolfpack zone.
17:08 of 3rd period - Ryan Culkin is hit by Dominik Kahun and loses puck.
18:04 of 3rd period - Penalty to Mikhail Sergachev is over, Mikhail Sergachev is back on ice.
18:43 of 3rd period - Henrik Samuelsson is hit by Tony DeAngelo and loses puck.
19:10 of 3rd period - Nikolay Goldobin is hit by Seth Griffith and loses puck.
19:17 of 3rd period - Minor Penalty to Mathieu Joseph for Slashing.
19:18 of 3rd period - Michael McLeod wins face-off versus Maxime Sauvé in Moose zone.
Goals for this period are 3 for Wolfpack vs 1 for Moose.
Shots for this period are 7 for Wolfpack vs 2 for Moose.